 Dungeon Crawl Stone Soup version 0.21-a0-286-g6fcecc0 (webtiles) character file.

84 vishdafish the Skirmisher (level 4, -10/38 HPs)
             Began as a Centaur Warper on Sept 25, 2017.
             Killed from afar by an orc wizard (14 damage)
             ... with a puff of frost
             ... on level 3 of the Dungeon.
             The game lasted 00:07:04 (1553 turns).

vishdafish the Skirmisher (Centaur Warper)          Turns: 1553, Time: 00:07:05

Health: -10/38     AC:  5    Str: 13    XL:     4   Next: 24%
Magic:  7/7        EV:  9    Int: 13    God:
Gold:   169        SH:  0    Dex:  9    Spells: 5/7 levels left

rFire    . . .     SeeInvis .   a - +0 spear
rCold    . . .     Gourm    .   (no shield)
rNeg     . . .     Faith    .   b - +0 leather armour
rPois    .         Spirit   .   (no helmet)
rElec    .         Reflect  .   (no cloak)
rCorr    +         Harm     .   r - +0 pair of gloves
MR       .....                  (no barding)
Stlth    ..........             (no amulet)
HPRegen  0.12/turn              j - ring of resist corrosion
MPRegen  0.10/turn              (no ring)

@: very slightly contaminated, very quick
A: hooves 3, deformed body, speed 2, tough skin 3
a: no special abilities


You were on level 3 of the Dungeon.
You were hungry.

You visited 1 branch of the dungeon, and saw 3 of its levels.

You collected 169 gold pieces.

Inventory:

Hand Weapons
 a - a +0 spear (weapon)
 v - a -1 longbow
Missiles
 e - 5 tomahawks of dispersal (quivered)
 y - 2 arrows
Armour
 b - a +0 leather armour (worn)
 r - a +0 pair of gloves (worn)
Jewellery
 j - a ring of resist corrosion (left hand)
Wands
 i - a wand of clouds (0/9)
Scrolls
 l - a scroll of noise
 o - a scroll of teleportation {unknown}
 p - a scroll of fog {unknown}
 t - a scroll of enchant weapon {unknown}
 w - a scroll of remove curse
Potions
 m - 2 potions of magic
 n - 2 potions of resistance {unknown}
 q - 2 potions of curing {unknown}
 u - a potion of ambrosia {unknown}
Books
 c - a book of Spatial Translocations

   Spells                             Type                      Level
   a - Blink                          Translocation                2
   b - Shroud of Golubria             Charms/Translocation         2
   c - Lesser Beckoning               Translocation                3
   d - Gell's Gravitas                Translocation                3
   e - Teleport Other                 Translocation                3
   f - Passage of Golubria            Translocation                4
Comestibles
 f - a bread ration
 g - 2 royal jellies
 h - a meat ration
 s - 5 fruits


   Skills:
 + Level 3.0 Fighting
 * Level 2.7 Polearms
 * Level 0.0 Bows
 - Level 1.1 Throwing
 - Level 1.0 Armour
 + Level 1.7 Dodging
 + Level 2.0 Spellcasting
 - Level 2.6 Translocations


You had 5 spell levels left.
You knew the following spells:

 Your Spells              Type           Power        Failure   Level  Hunger
a - Shroud of Golubria    Chrm/Tloc      #.........   28%         2    ###....


Dungeon Overview and Level Annotations

Branches:
Dungeon (3/15)

Altars:
Ashenzari
Fedhas


Innate Abilities, Weirdness & Mutations

You have hooves in place of feet.
Armour fits poorly on your strangely shaped body.
You cover ground very quickly.
You have extremely tough skin. (AC +3)


Message History

Okay, then.
Okay, then.
An orc wizard comes into view. It is wielding a dagger.
The orc wizard gestures at you while chanting.
The puff of flame hits you!
The orc priest hits you but does no damage.
Found 12 gold pieces.
You barely miss the orc. The quokka bites you. The adder barely misses you.
The orc hits you with a short sword!
* * * LOW HITPOINT WARNING * * *
Blink to where?
Press: ? - help, Dir - move target cursor, p - adder You are very lightly contaminated with residual magic.
As you read the scroll of blinking, it crumbles to dust.
The orc priest casts a cantrip, but nothing happens.
The orc throws a tomahawk.
The tomahawk hits you.
* * * LOW HITPOINT WARNING * * *
The orc wizard points at you and mumbles some strange words.
The puff of frost hits you!
You die... #####......... #)#.# #...S..r..... #†)(# ## #.###.oo....#. #..# .PPP #.# .o.....#.# #<.# P.P.P

#.# ..o....#.# #..#
PP_.P.##.######.####$#
#..# .PPPP.........#(#
#.# #..#
.PPP.(##.####?#.####.#
#..# #.### #.#
.#.@..#.######..#
#.######.#
#..........?.....#
[...(....#
#####...$........#
#.########
##.#.######### #.#
###.#
#S##################.#
#...S......l.(.s.....#
######################


You could see an orc priest, an orc wizard, an orc and a quokka.

Vanquished Creatures
  A worm (D:2)
  A dart slug (D:1)
  3 leopard geckos
  5 orcs (D:3)
  10 giant cockroaches
  9 goblins
  3 hobgoblins
  5 jackals
  6 kobolds
  2 ball pythons (D:1)
  9 bats
  7 frilled lizards
  4 rats
65 creatures vanquished.

Notes
Turn   | Place    | Note
-------+----------+-------------------------------------------
     0 | D:1      | vishdafish the Centaur Warper began the quest for the Orb.
     0 | D:1      | Reached XP level 1. HP: 17/17 MP: 3/3
   230 | D:1      | Reached XP level 2. HP: 22/24 MP: 4/4
   301 | D:1      | Learned a level 2 spell: Shroud of Golubria
   646 | D:1      | Reached XP level 3. HP: 30/30 MP: 5/5
   847 | D:1      | Reached skill level 1 in Armour
  1237 | D:2      | Reached XP level 4. HP: 30/37 MP: 6/6
  1423 | D:2      | Found a shattered altar of Ashenzari.
  1476 | D:3      | Reached skill level 3 in Fighting
  1528 | D:3      | Found a blossoming altar of Fedhas.
  1553 | D:3      | Killed from afar by an orc wizard

Vault maps used:
D:1:      lightli_arrival_lavapool, kennysheep_another_room
D:2:      minmay_roachtagon, ashenzari_altar_1
D:3:      lemuel_round_altar, nicolae_overflow_hidden_temple, fedhas_altar_3

Skill      XL: |  1  2  3  4 |
---------------+-------------+-----
Polearms       | 2 |  2.7
Armour         | 1 |  1.0
Fighting       | 3 |  3.0
Spellcasting   | 2 |  2.0
Throwing       | |  1.1
Dodging        | |  1.7
Translocations | |  2.6

Action                   |  1- 3 |  4- 6 || total
-------------------------+-------+-------++-------
Melee: Spear             |   212 |    12 ||   224
       Kick              |    24 |     1 ||    25
 Fire: Longbow           |       |    14 ||    14
Evoke: Wand              |       |     1 ||     1
  Use: Scroll            |     2 |     3 ||     5
  Eat: Chunk             |       |     1 ||     1
Armor: Leather armour    |    77 |     6 ||    83
Dodge: Dodged            |    95 |     4 ||    99

Table legend:
 A = Spawn XP
 B = Non-spawn XP
 C = Spawn XP percentage of total XP
 D = Spawn monster count
 E = Non-spawn monster count
 F = Spawn count percentage of total count
 G = Total turns spent on level
                    A         B        C        D         E        F      G
               +---------+---------+-------+---------+---------+-------+---------
         Total |       0 |     121 |   0.0 |       0 |      65 |   0.0 |  1553
               +---------+---------+-------+---------+---------+-------+---------
           D:1 |       0 |      50 |   0.0 |       0 |      30 |   0.0 |   908
           D:2 |       0 |      53 |   0.0 |       0 |      28 |   0.0 |   567
           D:3 |       0 |      18 |   0.0 |       0 |       7 |   0.0 |    78
               +---------+---------+-------+---------+---------+-------+---------
